 Dungeon Crawl Stone Soup version 0.24-a0-537-g2d01d4ab0a (webtiles) character file.

Game seed: 5462148271877794804

171 DasRunzen the Skirmisher (level 5, -16/58 HPs)
             Began as an Ogre Berserker on Aug 13, 2019.
             Was a Believer of Trog.
             Demolished by Menkaure (22 damage)
             ... on level 4 of the Dungeon.
             The game lasted 00:03:37 (1818 turns).

DasRunzen the Skirmisher (Ogre Berserker)           Turns: 1818, Time: 00:03:38

Health: -16/58     AC:  6    Str: 26    XL:     5   Next: 51%
Magic:  5/5        EV: 11    Int:  8    God:    Trog [**....]
Gold:   216        SH:  0    Dex: 12    Spells: 4/4 levels left

rFire    . . .     SeeInvis .   m - +0 giant club
rCold    . . .     Gourm    .   (shield currently unavailable)
rNeg     . . .     Faith    .   b - +0 animal skin
rPois    .         Spirit   .   (helmet restricted)
rElec    .         Reflect  .   n - +2 cloak
rCorr    .         Harm     .   (gloves unavailable)
MR       .....                  (boots unavailable)
Stlth    +.........             (no amulet)
HPRegen  0.19/turn              h - +3 ring of dexterity
MPRegen  0.09/turn              (no ring)

@: mighty, lethally poisoned (-16 -> -23)
A: large, unfitting armour, tough skin 1
a: Berserk, Trog's Hand, Renounce Religion


You were on level 4 of the Dungeon.
You worshipped Trog.
Trog was pleased with you.
You were hungry.

You visited 1 branch of the dungeon, and saw 4 of its levels.

You collected 216 gold pieces.

Inventory:

Hand Weapons
 a - a +1 mace
 m - a +0 giant club (weapon)
Armour
 b - a +0 animal skin (worn)
 n - a +2 cloak (worn)
Jewellery
 h - a +3 ring of dexterity (left hand)
Scrolls
 d - 5 scrolls of remove curse
 j - a scroll of fog
Potions
 e - 3 potions of curing
 f - a potion of might
 g - a potion of brilliance
 i - a potion of agility {unknown}
 k - a potion of degeneration {unknown}
 l - a potion of heal wounds {unknown}
Comestibles
 c - 9 rations


   Skills:
 + Level 5.6 Fighting
 + Level 3.8 Maces & Flails
 + Level 3.8 Dodging


You had 4 spell levels left.
You didn't know any spells.
Your spell library was empty.

Dungeon Overview and Level Annotations

Branches:
Dungeon (4/15)
 Temple: D:4-7

Altars:
Makhleb
Ru

Annotations:
D:4 Menkaure, Sigmund


Innate Abilities, Weirdness & Mutations

You are too large for most types of armour.
You have tough skin. (AC +1)


Message History

Sigmund hits you from afar with a +1 scythe of venom.
You are poisoned.
You feel very mighty all of a sudden.
You feel sick. Menkaure hits you!!
* * * LOW HITPOINT WARNING * * *
Menkaure misses you.
Unknown command.
You barely miss Menkaure.
Menkaure is moderately damaged.
You feel sick. Sigmund completely misses you.
Menkaure calls on the powers of darkness!
Your body is wracked with pain!
* * * LOW HITPOINT WARNING * * *
Sigmund convulses!
Unknown command.
You barely miss Menkaure.
Menkaure is moderately damaged.
* * * LOW HITPOINT WARNING * * *
You feel sick. Menkaure hits you!!
You die...

..# #+# #.# . .. #.# ..
#.## #.# ... #..# #.#
....########.#####.#####
........................
.....@..........##.####.
......M@.$......#.......
....##########..#..##...
# #..#..##...
##.#..####. #.#..#....
#.#....##. #..#.# ##
..... .. .#


You could see Sigmund and Menkaure.

Vanquished Creatures
  An ogre (D:4)
  A centaur skeleton (D:4)
  An adder (D:2)
  3 oozes
  A worm (D:3)
  2 dart slugs
  A leopard gecko (D:3)
  An orc (D:3)
  A ball python (D:1)
  3 goblins
  3 hobgoblins
  2 jackals (D:2)
  3 kobolds
  A quokka (D:4)
  3 bats
  2 frilled lizards
  2 rats (D:2)
31 creatures vanquished.

Notes
Turn   | Place    | Note
-------+----------+-------------------------------------------
     0 | D:1      | DasRunzen the Ogre Berserker began the quest for the Orb.
     0 | D:1      | Reached XP level 1. HP: 24/24 MP: 1/1
   328 | D:1      | Reached XP level 2. HP: 30/32 MP: 2/2
   569 | D:2      | Found a sacrificial altar of Ru.
   678 | D:2      | Reached XP level 3. HP: 26/40 MP: 3/3
   954 | D:2      | Found a burning altar of Makhleb.
   954 | D:2      | Noticed a cacodemon
   957 | D:2      | Noticed an orange demon
   957 | D:2      | Noticed an orange demon
  1316 | D:3      | Reached ** piety under Trog
  1608 | D:3      | Reached XP level 4. HP: 49/49 MP: 4/4
  1682 | D:4      | Noticed an ogre
  1693 | D:4      | Killed an ogre
  1693 | D:4      | Reached skill level 5 in Fighting
  1693 | D:4      | Reached XP level 5. HP: 42/57 MP: 5/5
  1810 | D:4      | Noticed Menkaure
  1812 | D:4      | Noticed Sigmund
  1818 | D:4      | Demolished by Menkaure

Levels and vault maps discovered:
D:1:      matt_arrival_debris, layout_loops_ring
D:2:      layout_basic, makhleb_altar_promises_db, lemuel_doored_altar,
          first_ration
D:3:      layout_basic
D:4:      wander_river, layout_basic, fedhas_altar_fruit_tree, uniq_sigmund,
          uniq_duvessa, uniq_menkaure

Skill      XL: |  1  2  3  4 |
---------------+-------------+-----
Maces & Flails | 3 |  3.8
Dodging        | 3 |  3.8
Fighting       | 5 |  5.6

Action                   |  1- 3 |  4- 6 || total
-------------------------+-------+-------++-------
Melee: Mace              |    79 |     6 ||    85
       Giant club        |       |     8 ||     8
  Use: Scroll            |     7 |     1 ||     8
       Potion            |       |     1 ||     1
  Eat: Chunk             |     2 |       ||     2
Armor: Animal skin       |    34 |     2 ||    36
Dodge: Dodged            |    69 |     7 ||    76

Table legend:
 A = Non-vault XP
 B = Vault XP
 C = Vault XP percentage of total XP
 D = Non-vault monster count
 E = Vault monster count
 F = Vault count percentage of total count
                 A         B        C        D         E       F
            +---------+---------+-------+---------+---------+-------
      Total |     245 |       0 |   0.0 |      31 |       0 |   0.0
            +---------+---------+-------+---------+---------+-------
        D:1 |      17 |       0 |   0.0 |       9 |       0 |   0.0
        D:2 |      32 |       0 |   0.0 |      10 |       0 |   0.0
        D:3 |      34 |       0 |   0.0 |       9 |       0 |   0.0
        D:4 |     162 |       0 |   0.0 |       3 |       0 |   0.0
            +---------+---------+-------+---------+---------+-------
